AoeStats
← Fede_II

Arena

509930288Analyzed
1v1 RM · 3d ago on Sep 28, 2026· 74m 50s· 2 players
Game mode
Random Map
Map size
Tiny (2 player)
Population
200
Speed
Normal
Resources
Standard
Victory
Conquest
Starting age
Dark Age
Ending age
Imperial Age
RankedLock teamsTeams togetherTeam positionsShared explorationLock speedFull tech treeHidden civsTurbo modeCheats
Victory
Defeat
🇺🇸 Portuguese · United States
1051
+16
🇨🇭 Saxons · Switzerland
1044
-16
Fede_II
9:59 Feudal Age
14:54 Castle Age
13:11 Horse Collar
13:36 Double-Bit Axe
14:14 Gold Mining
18:45 Loom
19:48 Fletching
20:23 Scale Mail Armor
30:12 Imperial Age
28:18 Bodkin Arrow
29:44 Forging
30:02 Town Watch
33:52 Chain Mail Armor
34:13 Iron Casting
36:10 Squires
35:54 Crossbowman
36:33 Arbalester
37:36 Bracer
37:40 Padded Archer Armor
40:02 Redemption
40:08 Block Printing
40:08 Clerical Recruitment
40:31 Elite Varangian Guard
42:07 Sanctity
41:35 Elite Skirmisher
45:51 Theocracy
50:53 Ballistics
51:34 Chemistry
51:45 Bow Saw
52:13 Masonry
53:02 Devotion
53:04 Guard Tower
53:01 Arrowslits
55:26 Architecture
55:02 Siege Engineers
55:44 Plate Mail Armor
55:29 Leather Archer Armor
56:14 Onager
57:06 Elite Hearth Troop
60:47 Light Cavalry
61:38 Bloodlines
62:01 Cavalier
62:02 Hussar
63:01 Scale Barding Armor
65:12 Two-Man Saw
64:17 Capped Ram
68:50 Husbandry
69:20 Chain Barding Armor
J Cream
10:13 Feudal Age
11:09 Loom
14:30 Castle Age
12:56 Double-Bit Axe
17:51 Fletching
31:13 Imperial Age
29:09 Stone Mining
30:37 Bow Saw
30:12 Horse Collar
34:26 Wheelbarrow
35:09 Two-Man Saw
34:12 Gold Mining
36:27 Chemistry
37:08 Elite Organ Gun
38:34 Fortified Wall
40:57 Bombard Tower
41:13 Hand Cart
42:22 Siege Engineers
42:20 Bodkin Arrow
42:38 Heavy Plow
45:16 Arquebus
45:25 Arquebus
46:10 Ballistics
49:25 Bracer
50:09 Light Cavalry
50:56 Scale Barding Armor
51:20 Husbandry
51:48 Chain Barding Armor
52:06 Conscription
52:20 Crop Rotation
52:26 Stone Shaft Mining
51:55 Town Watch
52:33 Circumnavigation
53:32 Plate Barding Armor
53:14 Bloodlines
53:11 Pikeman
54:08 Forging
54:30 Murder Holes
54:17 Onager
55:34 Heated Shot
Connection lost

Rejoining the realm…

Still unreachable

The connection could not be restored.

Session expired

The server has moved on; the page needs a fresh start.